 Dungeon Crawl Stone Soup version 0.32-a0-22-g6ae6769602 (webtiles) character file.

Game seed: 8774367765868484454

928 IdlyInterested the Cutter (level 7, 0/54 HPs)
             Began as a Demonspawn Gladiator on Jan 18, 2024.
             Slain by a gnoll
             ... wielding a +0 spear
              (4 damage)
             ... on level 5 of the Dungeon.
             The game lasted 00:18:13 (3973 turns).

IdlyInterested the Cutter (Demonspawn Gladiator)    Turns: 3973, Time: 00:18:14

Health: 0/54       AC: 23    Str: 15    XL:     7   Next: 85%
Magic:  7/7        EV:  8    Int: 10    God:
Gold:   177        SH:  0    Dex: 16    Spells: 6/6 levels left

rFire   . . .        z - +4 dagger
rCold   + + .        (no shield)
rNeg    . . .        j - +0 chain mail of Distant Shores {rC++ Int+2}
rPois   .            o - +2 helmet
rElec   .            q - +0 cloak
rCorr   .            t - +0 pair of gloves
SInv    .            (no boots)
Will    .....        (no amulet) Stlth
                     (no ring)
HPRegen 0.29/turn    (no ring)
MPRegen 0.10/turn

%: no passive effects
@: sanguine armoured, hasted, very quick
A: hooves 1, powered by death 1, sanguine armour 2
a: no special abilities


You were on level 5 of the Dungeon.
You visited 1 branch of the dungeon, and saw 5 of its levels.

You collected 177 gold pieces.

Inventory:

Hand Weapons
 a - a +0 rapier
 c - a +0 scimitar of protection
 v - a +0 dagger of freezing
 z - a +4 dagger (weapon)
Missiles
 d - 2 throwing nets
 e - a javelin
 h - 24 stones (quivered)
 w - a boomerang
Armour
 j - the +0 chain mail of Distant Shores (worn) {rC++ Int+2}
   (You found it on level 2 of the Dungeon)

   Int+2:     It affects your intelligence (+2).
   rC++:      It greatly protects you from cold.
 o - a +2 helmet (worn)
 q - a +0 cloak (worn)
 t - a +0 pair of gloves (worn)
Magical Staves
 g - a staff of earth
Wands
 x - a wand of paralysis (10)
 y - a wand of roots (11)
Scrolls
 b - a scroll of torment
 i - a scroll of teleportation {unknown}
 p - a scroll of poison {unknown}
 r - a scroll of immolation
 s - a scroll of vulnerability {unknown}
 A - a scroll of enchant armour {unknown}
Potions
 f - a potion of magic {unknown}
 l - a potion of cancellation {unknown}
 m - a potion of lignification {unknown}
 n - a potion of brilliance
 u - a potion of curing {unknown}


   Skills:
 - Level 4.0 Fighting
 * Level 6.9 Short Blades
 - Level 2.0 Throwing
 - Level 3.0 Armour
 - Level 3.0 Dodging
 - Level 1.0 Stealth
 + Level 0.6 Shields
 - Level 1.0 Evocations


You had 6 spell levels left.
You didn't know any spells.
Your spell library contained the following spells:

 Spells                   Type           Power      Damage    Failure   Level
 Sandblast                Erth           0%         2d4       99%         1
 Blink                    Tloc           0%         N/A       100%        2
 Ensorcelled Hibernation  Hex/Ice        0%         N/A       100%        2
 Jinxbite                 Hex            0%         N/A       100%        2
 Lesser Beckoning         Tloc           0%         N/A       100%        2
 Momentum Strike          Conj/Tloc      0%         3d8       100%        2
 Passwall                 Erth           0%         N/A       100%        3
 Stone Arrow              Conj/Erth      0%         3d7       100%        3
 Swiftness                Air            0%         N/A       100%        3
 Volatile Blastmotes      Fire/Tloc      0%         2d10      100%        3
 Brom's Barrelling Bould  Conj/Erth      0%         2d3       100%        4
 Fulminant Prism          Conj/Alch      0%         3d5       100%        4
 Iskenderun's Mystic Bla  Conj/Tloc      0%         2d3       100%        4
 Yara's Violent Unravell  Hex/Alch       0%         3d3       100%        5
 Enfeeble                 Hex            0%         N/A       100%        7


Dungeon Overview and Level Annotations

Branches:
Dungeon (5/15)
 Temple: D:4-7

Altars:
Gozag


Innate Abilities, Weirdness & Mutations

You have large cloven feet.
You regenerate a little health from kills.
When seriously injured, your blood forms thick armour. (AC +9)


Message History

The gnoll hits you from afar with a +0 spear.
The gnoll hits you but does no damage. The gnoll hits you with a +0 flail!
Your blood congeals into armour.
You hit the gnoll.
The gnoll is almost dead.
The gnoll barely misses you. The gnoll closely misses you.
The gnoll barely misses you. The gnoll hits you but does no damage.
You hit the gnoll.
You kill the gnoll!
The gnoll hits you but does no damage. The gnoll barely misses you.
The gnoll hits you but does no damage.
You closely miss the gnoll. The gnoll hits you but does no damage.
The gnoll hits you from afar with a +0 halberd!
The gnoll hits you but does no damage.
You hit the gnoll but do no damage. You kick the gnoll, but do no damage.
You hit the gnoll. You kick the gnoll.
The gnoll is moderately wounded.
The gnoll hits you with a +0 spear.
The gnoll hits you from afar with a +0 halberd.
The gnoll hits you but does no damage. The gnoll hits you with a +0 flail.
You hit the gnoll. You kick the gnoll, but do no damage.
The gnoll is heavily wounded.
The gnoll hits you but does no damage. The gnoll closely misses you.
The gnoll barely misses you. x2; The gnoll hits you with a +0 flail.
* * * LOW HITPOINT WARNING * * *
You feel yourself speed up. The gnoll barely misses you.
The gnoll hits you but does no damage.
The gnoll hits you from afar with a +0 spear.
* * * LOW HITPOINT WARNING * * *
The gnoll closely misses you. The gnoll hits you but does no damage.
You barely miss the gnoll.
The gnoll is heavily wounded.
Unknown command.
You barely miss the gnoll. Your kick misses the gnoll.
The gnoll is heavily wounded.
The gnoll hits you but does no damage.
The gnoll hits you from afar with a +0 halberd!
* * * LOW HITPOINT WARNING * * *
The gnoll hits you from afar with a +0 spear.
You die...

#................#'####
#................#.....
#........<.......#.....
+>...............#.....
#!...............#.....
#................#....#
#$......##########....#
#.....g)# ............#
#....g@)# ............#
#.....g.# ............#
#...gg..# ............#
#.......# ............#
.'.......#
............#
##.......#
....####...##
....##'###
#########'### .... ..
#........ #........


You could see 5 gnolls.

Vanquished Creatures
  Edmund (D:4)
  A black bear (D:4)
  A phantom (D:4)
  A bombardier beetle (D:4)
  4 hounds
  3 orc priests (D:3)
  2 iguanas (D:4)
  Ijyb (D:4)
  2 orc wizards
  Robin (D:3)
  6 gnolls
  9 adders
  2 dart slugs
  3 ribbon worms
  16 orcs
  2 bats (D:3)
  7 endoplasms
  2 giant cockroaches
  17 goblins
  5 hobgoblins
  7 jackals
  3 quokkas
  9 ball pythons
  2 frilled lizards
  2 kobolds
  10 rats
119 creatures vanquished.

Notes
Turn   | Place    | Note
-------+----------+-------------------------------------------
     0 | D:1      | IdlyInterested the Demonspawn Gladiator began the quest for
                  | the Orb.
     0 | D:1      | Reached XP level 1. HP: 16/16 MP: 1/1
    90 | D:1      | Reached skill level 1 in Armour
   189 | D:1      | Gained mutation: When seriously injured, your blood forms
                  | armour. (AC +9) [demonic ancestry]
   189 | D:1      | Reached XP level 2. HP: 13/22 MP: 2/2
   558 | D:2      | Reached skill level 3 in Short Blades
   558 | D:2      | Reached skill level 1 in Stealth
   784 | D:2      | Reached skill level 1 in Evocations
   784 | D:2      | Gained mutation: You regenerate a little health from kills.
                  | [demonic ancestry]
   784 | D:2      | Reached XP level 3. HP: 16/27 MP: 3/3
   837 | D:2      | Identified the +0 chain mail of Distant Shores {rC++ Int+2}
   908 | D:2      | Found a faded altar of an unknown god.
   977 | D:2      | Reached skill level 4 in Short Blades
   977 | D:2      | Gained mutation: When seriously injured, your blood forms
                  | thick armour. (AC +9) [demonic ancestry]
   977 | D:2      | Reached XP level 4. HP: 22/33 MP: 4/4
  1025 | D:2      | Found an opulent altar of Gozag.
  1445 | D:3      | Reached XP level 5. HP: 15/38 MP: 5/5
  1752 | D:3      | Noticed Robin
  1776 | D:3      | Killed Robin
  1780 | D:3      | Reached skill level 5 in Short Blades
  2094 | D:3      | Reached XP level 6. HP: 44/46 MP: 6/6
  2832 | D:4      | Gained mutation: You have large cloven feet. [demonic
                  | ancestry]
  2832 | D:4      | Reached XP level 7. HP: 17/52 MP: 7/7
  2835 | D:4      | Reached skill level 6 in Short Blades
  3321 | D:4      | Paralysed by an orc for 4 turns
  3355 | D:4      | Noticed Ijyb
  3368 | D:4      | Killed Ijyb
  3598 | D:4      | Noticed Edmund
  3613 | D:4      | Killed Edmund
  3758 | D:5      | Entered Level 5 of the Dungeon
  3973 | D:5      | Slain by a gnoll

Illustrated notes

Levels and vault maps discovered:
D:1:      lemuel_arrival_room, layout_rooms, serial_bayou_lake_a
D:2:      layout_basic, basic_ecumenical_altar, basic_altar,
          nicolae_grassy_gnolls
D:3:      layout_basic, minmay_checkerbox, uniq_robin
D:4:      layout_loops_cross, minmay_fractal_squares_diagonal_5, uniq_ijyb,
          uniq_edmund
D:5:      layout_gridville, hangedman_decor_points,
          chequers_serial_rivers_micro_d

Skill      XL: |  1  2  3  4  5  6  7 |
---------------+----------------------+-----
Armour         | 1 2 3 |  3.0
Short Blades   | 3 4 5 6 |  6.9
Stealth        | 1 |  1.0
Evocations     | 1 |  1.0
Fighting       | 3 4 |  4.0
Dodging        | 3 |  3.0
Throwing       | 2 |  2.0
Shields        | |  0.6

Action                     |  1- 3 |  4- 6 |  7- 9 || total
---------------------------+-------+-------+-------++-------
  Melee: Rapier            |   120 |   207 |       ||   327
         Punch             |     1 |     2 |     1 ||     4
         Scimitar          |       |    66 |    71 ||   137
         Dagger            |       |       |    43 ||    43
         Kick              |       |       |    38 ||    38
  Throw: Stone             |       |     3 |     4 ||     7
         Throwing net      |       |       |     1 ||     1
    Use: Potion            |       |     1 |     2 ||     3
         Scroll            |       |     1 |     1 ||     2
   Stab: Sleeping          |     1 |       |       ||     1
         Held in net/web   |       |       |     1 ||     1
 Armour: Leather armour    |    51 |       |       ||    51
         Chain mail        |    18 |   283 |   115 ||   416
  Dodge: Dodged            |    60 |   114 |    30 ||   204

Table legend: (Time is in decaauts)
 A = Elapsed time spent in this place.
 B = Non-inter-level travel time spent in this place.
 C = Inter-level travel time spent in this place.
 D = Time resting spent in this place.
 E = Time spent auto-exploring this place.
 F = Levels seen in this place.
 G = Mean time per level.
                   A        B        C        D        E       F      G
               +--------+--------+--------+--------+--------+-----+--------+
         Total |   3979 |   3804 |    175 |    819 |   1734 |   5 |  795.8 |
       Dungeon |   3979 |   3804 |    175 |    819 |   1734 |   5 |  795.8 |
               +--------+--------+--------+--------+--------+-----+--------+

Top non-repeatable levels by time:
     D:4: 1288 daAuts
     D:3: 1164 daAuts
     D:2: 837 daAuts
     D:1: 551 daAuts
     D:5: 138 daAuts
